 Dungeon Crawl Stone Soup version 0.26.1-11-gd32895ea62 (webtiles) character file.

Game seed: 8004904135951293131

9240 Mahakala the Cleaver (level 11, -3/150 HPs)
             Began as a Deep Dwarf Fighter on May 15, 2021.
             Was a Follower of Makhleb.
             Slain by an 11-headed hydra (7 damage)
             ... on level 1 of the Lair of Beasts.
             The game lasted 01:03:37 (9879 turns).

Mahakala the Cleaver (Deep Dwarf Fighter)           Turns: 9879, Time: 01:03:38

Health: -3/150     AC: 14    Str: 23    XL:     11   Next: 20%
Magic:  17/17 (8)  EV: 11    Int:  9    God:    Makhleb [*.....]
Gold:   713        SH: 17    Dex: 12    Spells: 10/10 levels left

rFire    . . .     SeeInvis .   a - +1 war axe
rCold    . . .     Faith    .   c - +0 kite shield
rNeg     . . .     Spirit   .   J - +0 scale mail
rPois    .         Reflect  +   I - +1 helmet
rElec    .         Harm     .   s - scarf {+Inv}
rCorr    .         Rampage  .   (no gloves)
Will     +....                  (no boots)
Stlth    ..........             e - amulet of reflection
HPRegen  0.00/turn              y - ring of magical power
MPRegen  0.15/turn              C - +4 ring of protection

@: berserking, lethally poisoned (-3 -> -3), non-regenerating, very quick
A: damage resistance, heal wounds, sense surroundings 2, no regeneration
a: Heal Wounds, Renounce Religion, Evoke Invisibility


You were on level 1 of the Lair of Beasts.
You worshipped Makhleb.
Makhleb was aware of your devotion.
You visited 3 branches of the dungeon, and saw 13 of its levels.
You also visited: Sewer.

You collected 713 gold pieces.

Inventory:

Hand Weapons
 a - a +1 war axe (weapon)
 b - a +0 hunting sling
 r - a +4 dagger of protection
Missiles
 f - 113 sling bullets
 h - 224 stones
 k - 37 poisoned darts (quivered)
 w - a throwing net {!f}
 L - 3 boomerangs
Armour
 c - a +0 kite shield (worn)
 s - a scarf of invisibility (worn)
 I - a +1 helmet (worn)
 J - a +0 scale mail (worn)
Jewellery
 e - an amulet of reflection (around neck)
 y - a ring of magical power (left hand)
 C - a +4 ring of protection (right hand)
Wands
 d - a wand of iceblast (18)
 t - a wand of flame (20)
 u - a wand of paralysis (15)
 v - a wand of digging (8)
 x - a wand of enslavement (6)
Scrolls
 g - 2 scrolls of identify {@r1}
 i - 3 scrolls of fog
 j - a scroll of random uselessness {unknown}
 o - 5 scrolls of remove curse {@r2}
 p - 7 scrolls of teleportation {@r4}
 A - 2 scrolls of fear
 K - 5 scrolls of blinking
 M - 3 scrolls of enchant weapon
Potions
 l - 6 potions of curing {@q1}
 m - a potion of attraction {!q}
 n - a potion of flight
 q - 3 potions of degeneration {!q}
 z - 2 potions of brilliance
 B - 3 potions of heal wounds {@q2}
 D - 3 potions of haste {@q3}
 F - 3 potions of cancellation
 G - a potion of resistance
 H - 5 potions of might


   Skills:
 - Level 7.0 Fighting
 + Level 11.9 Axes
 - Level 7.0 Armour
 - Level 5.0 Dodging
 - Level 9.0 Shields
 + Level 4.9 Invocations
 + Level 4.9 Evocations


You had 10 spell levels left.
You didn't know any spells.
Your spell library was empty.

Dungeon Overview and Level Annotations

Branches:
Dungeon (11/15)            Temple (1/1) D:7            Lair (1/6) D:11
  Sewer (visited)
    Orc: D:9-12

Altars:
Ashenzari
Cheibriados
Dithmenos
Elyvilon
Fedhas
Gozag
Hepliaklqana
Kikubaaqudgha
Makhleb
Nemelex Xobeh
Okawaru
Qazlal
Ru
Sif Muna
Trog
Uskayaw
Vehumet
Wu Jian
Xom
Yredelemnul
Zin
The Shining One

Shops:
D:6 *

Annotations:
D:3 1 runed translucent door, Crazy Yiuf
D:7 2 transporters, exclusion: oklob plant, Diggabert's ghost, novice MfFi
D:11 Grum


Innate Abilities, Weirdness & Mutations

You are resistant to damage.
You can heal yourself by infusing magical energy.
You passively map the area around you.
You do not regenerate.


Message History

The nine-headed hydra grows two more!
You slash the 11-headed hydra!
The 11-headed hydra is lightly wounded.
You block the 11-headed hydra's attack.
The 11-headed hydra completely misses you.
The 11-headed hydra bites you but does no damage.
You block the 11-headed hydra's attack. The 11-headed hydra bites you!
* * * LOW HITPOINT WARNING * * *
The 11-headed hydra bites you but does no damage.
You block the 11-headed hydra's attack. The 11-headed hydra barely misses you.
You block the 11-headed hydra's attack. The 11-headed hydra barely misses you.
The 11-headed hydra bites you but does no damage.
The basilisk gazes at you. You resist with almost no effort.
You completely miss the 11-headed hydra.
The 11-headed hydra is lightly wounded.
You block the 11-headed hydra's attack. x2; The 11-headed hydra misses you.
The 11-headed hydra bites you but does no damage. x2
You block the 11-headed hydra's attack. The 11-headed hydra bites you.
The 11-headed hydra bites you!
You die...

, ** * ,,, , , ,
#........... * ,
, *...........,
, ,, *
.?......... , ,
, .......... , ,
*, ##..(...... *
,* #.......... *
* *
##..D.....).,, *
#.l.@....... * *
,#...##.......**
, * , .....
#.....#, , * *
..#. , ,...... ,
* . # , ...## ,
,, ** *..... * ,
, , **#.#., , ,
, * , * *#. ,
,,, * , ,


You could see a 11-headed hydra and a basilisk.

Vanquished Creatures
  Harold (D:7)
  2 two-headed ogres (D:9)
  An ugly thing (D:10)
  Joseph (D:8)
  A cane toad (D:11)
  A hornet (D:7)
  5 yaks (D:9)
  A water moccasin (D:6)
  Duvessa (D:4)
  A black bear (D:10)
  An orc warrior (D:6)
  3 sky beasts
  3 ice beasts
  A phantom (D:9)
  4 ogres
  2 wolves
  4 centaurs
  2 big kobolds (D:8)
  10 bullfrogs
  A water moccasin zombie (D:6)
  Dowan (D:4)
  2 wyvern skeletons
  6 scorpions
  5 killer bees (D:10)
  4 wights (D:8)
  3 howler monkeys
  A bullfrog zombie (D:6)
  A centaur zombie (D:5)
  2 hounds
  3 jellies
  18 orc wizards
  3 orc priests
  3 iguanas
  3 bullfrog skeletons
  2 centaur skeletons
  Ijyb (D:2)
  6 worker ants
  A hound skeleton (D:10)
  Robin (D:4)
  A worker ant zombie (D:6)
  6 gnolls
  15 adders
  6 river rats (Sewer)
  A shadow imp (D:6)
  2 white imps
  4 oozes
  An adder skeleton (D:5)
  A worm (D:2)
  2 dart slugs
  8 leopard geckos
  52 orcs
  11 ball pythons
  7 giant cockroaches
  14 goblins
  9 hobgoblins
  9 jackals
  22 kobolds
  5 quokkas
  8 bats
  7 frilled lizards
  2 jackal skeletons
  2 leopard gecko skeletons (D:4)
  A quokka zombie (D:5)
  30 rats
338 creatures vanquished.

Vanquished Creatures (others)
  5 fungi (D:3)
  4 plants (D:4)
9 creatures vanquished.

Grand Total: 347 creatures vanquished

Notes
Turn   | Place    | Note
-------+----------+-------------------------------------------
     0 | D:1      | Mahakala the Deep Dwarf Fighter began the quest for the
                  | Orb.
     0 | D:1      | Reached XP level 1. HP: 20/20 MP: 1/1
   255 | D:1      | Reached skill level 3 in Axes
   352 | D:1      | Reached XP level 2. HP: 24/27 MP: 2/2
   878 | D:2      | Found a shimmering altar of Xom.
   968 | D:2      | Reached XP level 3. HP: 29/33 MP: 3/3
  1016 | D:2      | Reached skill level 4 in Axes
  1328 | D:2      | Found an ornate altar of the Wu Jian Council.
  1535 | D:3      | Noticed Ijyb
  1568 | D:2      | Reached XP level 4. HP: 28/40 MP: 4/4
  1573 | D:2      | Killed Ijyb
  1574 | D:2      | Reached skill level 5 in Axes
  1820 | D:3      | Reached XP level 5. HP: 43/46 MP: 4/4
  1977 | D:3      | Noticed a centaur
  1987 | D:3      | Killed a centaur
  1988 | D:3      | Reached skill level 6 in Axes
  2005 | D:3      | You fall into a shaft and drop 3 floors!
  2020 | D:6      | Reached XP level 6. HP: 30/55 MP: 5/5
  2100 | D:6      | Reached skill level 5 in Shields
  2207 | D:6      | Noticed a sky beast
  2210 | D:6      | Killed a sky beast
  2240 | D:6      | Reached XP level 7. HP: 17/62 MP: 6/6
  2251 | D:5      | Entered Level 5 of the Dungeon
  2513 | D:5      | Reached skill level 7 in Axes
  2686 | D:4      | Found a glowing drain.
  2695 | D:4      | Reached skill level 5 in Armour
  2708 | Sewer    | Entered a sewer
  3112 | D:4      | Noticed Duvessa
  3112 | D:4      | Noticed Dowan
  3122 | D:4      | Killed Duvessa
  3123 | D:4      | Reached skill level 8 in Axes
  3123 | D:4      | Reached XP level 8. HP: 72/72 MP: 6/6
  3123 | D:4      | Killed Dowan
  3419 | D:4      | Found a glowing golden altar of the Shining One.
  3492 | D:4      | Reached skill level 5 in Fighting
  3723 | D:3      | HP: 1/75 [orc/+0 dagger (3)]
  3966 | D:3      | Found a runed translucent door.
  3967 | D:3      | Noticed Crazy Yiuf
  4206 | D:4      | Noticed Robin
  4540 | D:4      | Killed Robin
  5219 | D:5      | Found a white marble altar of Elyvilon.
  5510 | D:6      | Gained mutation: You passively map the area around you.
                  | [Deep Dwarf growth]
  5510 | D:6      | Reached XP level 9. HP: 42/86 MP: 5/5
  5975 | D:6      | Reached skill level 9 in Axes
  6012 | D:6      | Found Jotijik's Assorted Antiques.
  6569 | D:7      | Found a staircase to the Ecumenical Temple.
  6586 | Temple   | Entered the Ecumenical Temple
  6688 | D:7      | Found a transporter.
  6708 | D:7      | Found a sacrificial altar of Ru.
  6820 | D:7      | Found a blossoming altar of Fedhas.
  6824 | D:7      | Found a stormy altar of Qazlal.
  6837 | D:7      | Got a faintly humming robe
  6900 | D:7      | Noticed Harold
  6926 | D:7      | Killed Harold
  6927 | D:7      | Reached skill level 10 in Axes
  6948 | D:7      | Found a transporter.
  7003 | D:7      | Noticed an oklob plant
  7061 | D:7      | Paralysed by a hornet for 1 turns
  7190 | D:7      | Noticed Diggabert's ghost (novice MfFi)
  7453 | D:8      | Found a bloodstained altar of Trog.
  7689 | D:8      | Reached XP level 10. HP: 79/94 MP: 5/5
  7745 | D:8      | Noticed Joseph
  7779 | D:8      | Killed Joseph
  8056 | D:8      | Reached skill level 1 in Dodging
  8204 | D:8      | Found a transporter.
  8206 | D:8      | Found a transporter.
  8210 | D:8      | Noticed a boulder beetle
  8397 | D:9      | Found a hazy altar of Hepliaklqana.
  8398 | D:9      | Found a burning altar of Makhleb.
  8399 | D:9      | Found a glowing silver altar of Zin.
  8402 | D:9      | Noticed a two-headed ogre
  8409 | D:9      | Killed a two-headed ogre
  8410 | D:9      | Reached skill level 11 in Axes
  8463 | D:9      | Became a worshipper of Makhleb the Destroyer
  8530 | D:9      | Found a hide-covered altar of Uskayaw.
  8530 | D:9      | Found a radiant altar of Vehumet.
  8654 | D:9      | Found an opulent altar of Gozag.
  8702 | D:9      | Reached skill level 1 in Invocations
  8702 | D:9      | Reached skill level 1 in Evocations
  8945 | D:9      | Noticed a two-headed ogre
  8959 | D:9      | Killed a two-headed ogre
  8989 | D:10     | Entered Level 10 of the Dungeon
  9247 | D:10     | Noticed a brown ugly thing
  9272 | D:10     | Reached XP level 11. HP: 63/100 MP: 7/7
  9345 | D:10     | Reached * piety under Makhleb
  9370 | D:10     | Killed a brown ugly thing
  9676 | D:11     | Noticed Grum
  9716 | D:10     | Reached skill level 5 in Dodging
  9747 | D:11     | Found a staircase to the Lair.
  9763 | D:10     | HP: 4/100 [something (10)]
  9836 | Lair:1   | Entered Level 1 of the Lair of Beasts
  9837 | Lair:1   | Noticed a seven-headed hydra
  9878 | Lair:1   | HP: 4/150 [11-headed hydra (8)]
  9879 | Lair:1   | Slain by an 11-headed hydra

Illustrated notes

Levels and vault maps discovered:
D:1:      amcnicky_arrival_wind_blow, layout_basic
D:2:      kennysheep_big_flooded_room, layout_basic, xom_teletrap_fun,
          nicolae_overflow_hidden_temple
D:3:      layout_basic, uniq_crazy_yiuf_cottage, uniq_ijyb
D:4:      cheibrodos_old_hovel, layout_gridville, kennysheep_mini_moat,
          gup_sewer_entry_pipe, uniq_duvessa, uniq_robin
D:5:      layout_cave_pods, general_overflow_altar, minmay_crystal_water,
          minmay_strange_pillars
D:6:      layout_basic, serial_shops, nicolae_shop_trees, minivault_27,
          kennysheep_generic_room_14
D:7:      layout_cave_pools, grunt_temple_overflow_forces_of_nature,
          nicolae_ru_great_annihilating_truth, minmay_temple_entry_purple_smoke,
          nzn_ghost_randoct, uniq_harold
D:8:      gammafunk_boulding_lane, layout_basic, lemuel_crystal_altar,
          st_stairs_3, uniq_joseph
D:9:      layout_roguey, gammafunk_temple_overflow_elements,
          chequers_temple_overflow_statue_of_worship, basic_altar
D:10:     layout_long_grid, abandoned_shop
D:11:     layout_cave_pods, lair_entry_dummy, minmay_orc_entry_temple_small,
          kennysheep_just_a_vault, uniq_grum
Temple:   compressed_dpeg_triangle_lava_temple
Lair:1:   layout_cave_pods, infiniplex_staircase_pool_2, grunt_megastairs_1,
          lemuel_fruit_tree

Skill      XL: |  1  2  3  4  5  6  7  8  9 10 11 |
---------------+----------------------------------+-----
Axes           | 3 4 5 6 8 10 11 | 11.9
Shields        | 4 5 8 9 |  9.0
Armour         | 4 5 6 7 |  7.0
Fighting       | 3 4 7 |  7.0
Dodging        | 4 5 |  5.0
Invocations    | 3 4 |  4.9
Evocations     | 3 4 |  4.9

Action                   |  1- 3 |  4- 6 |  7- 9 | 10-12 || total
-------------------------+-------+-------+-------+-------++-------
Melee: War axe           |   108 |    99 |   483 |   323 ||  1013
 Fire: Hunting sling     |       |       |       |     1 ||     1
Throw: Stone             |     9 |       |       |       ||     9
       Dart              |       |       |    88 |    30 ||   118
 Abil: Heal Wounds       |     1 |     2 |    16 |     9 ||    28
Evoke: Wand              |       |     3 |    16 |     8 ||    27
  Use: Scroll            |       |     5 |    14 |     3 ||    22
       Potion            |       |       |     1 |     3 ||     4
Armor: Scale mail        |    42 |    46 |   148 |    88 ||   324
Dodge: Dodged            |    32 |    28 |   126 |    80 ||   266
Block: Kite shield       |    48 |    44 |   271 |   240 ||   603
       Reflection        |       |       |     8 |     9 ||    17
